 Dungeon Sprint DCSS version 0.27.1-2-g3b301248ec (webtiles) character file.

Game seed: 1914364506369315325

4133 boopmooplesden the Severer (level 10, -14/101 HPs)
             Began as a Minotaur Fighter on Sept 22, 2021.
             Was a Priest of Okawaru.
             Killed from afar by a storm dragon (32 damage)
             ... with a bolt of lightning
             ... in the Dungeon (Sprint II: "The Violet Keep of Menkaure").
             The game lasted 00:04:54 (1227 turns).

boopmooplesden the Severer (Minotaur Fighter)       Turns: 1227, Time: 00:04:55

Health: -14/101    AC: 32    Str: 27    XL:     10   Next: 6%
Magic:  8/9        EV: 12    Int:  5    God:    Okawaru [***...]
Gold:   583        SH: 15    Dex: 10    Spells: 9/9 levels left

rFire    . . .     SeeInvis .   a - +2 war axe (freeze)
rCold    . . .     Faith    .   c - +0 kite shield
rNeg     . . .     Spirit   .   l - +11 chain mail of Gozag's Displeasure {rPois Slay+6}
rPois    +         Reflect  .   k - +2 hat
rElec    .         Harm     .   m - +0 cloak
rCorr    .         Rampage  .   e - +0 pair of gloves {Str+3}
Will     .....     NoTele   +   v - +0 pair of boots
Stlth    ..........             (no amulet)
HPRegen  0.26/turn              (no ring)
MPRegen  0.11/turn              (no ring)

@: heroic
A: horns 2, retaliatory headbutt
a: Renounce Religion, Heroism


You were in the Dungeon.
You worshipped Okawaru.
Okawaru was most pleased with you.
You visited 1 branch You collected 1209 gold pieces.
You spent 626 gold pieces at shops.

Inventory:

Hand Weapons
 a - a +2 war axe of freezing (weapon)
 d - a +0 vorpal trident
Armour
 b - a +0 scale mail
 c - a +0 kite shield (worn)
 e - a +0 pair of gloves of strength (worn)
 k - a +2 hat (worn)
 l - the +11 chain mail of Gozag's Displeasure (worn) {rPois Slay+6}
   (You bought it in a shop in the Dungeon)

   Slay:      It affects your accuracy & damage with ranged weapons and melee
   (+6).
   rPois:     It protects you from poison.
 m - a +0 cloak (worn)
 v - a +0 pair of boots (worn)
Jewellery
 o - a +4 ring of evasion
Scrolls
 g - 3 scrolls of vulnerability {unknown}
 j - 2 scrolls of blinking
Potions
 h - 5 potions of magic
 i - 2 potions of berserk rage
 p - 2 potions of resistance
 q - a potion of might
 r - 5 potions of flight


   Skills:
 + Level 13.4(18.4) Fighting
 + Level 16.0(21.0) Axes
 + Level 12.7(17.7) Armour
 + Level 3.4(8.4) Dodging
 + Level 0.5(5.5) Stealth
 + Level 13.1(18.1) Shields
 + Level 1.0 Invocations


You had 9 spell levels left.
You didn't know any spells.
Your spell library was empty.

Dungeon Overview and Level Annotations

Branches:
Dungeon (1/1)

Altars:
Cheibriados
Dithmenos
Elyvilon
Fedhas
Gozag
Hepliaklqana
Kikubaaqudgha
Makhleb
Nemelex Xobeh
Okawaru
Qazlal
Ru
Sif Muna
Trog
Uskayaw
Vehumet
Wu Jian
Xom
Yredelemnul
Zin
The Shining One
Beogh
Jiyva
Lugonu

Shops:
D =!:!=(=:*[[!=?[

Annotations:
D exclusion: oklob plant


Innate Abilities, Weirdness & Mutations

You have a pair of horns on your head.
You reflexively headbutt those who attack you in melee.


Message History

You hit the storm dragon.
The storm dragon is moderately wounded.
The storm dragon breathes lightning at you.
The bolt of lightning misses you. The bolt of lightning hits you!!
* * * LOW HITPOINT WARNING * * *
The bolt of lightning hits the storm dragon.
The storm dragon completely resists.
You closely miss the storm dragon.
The storm dragon is moderately wounded.
You block the storm dragon's attack.
The storm dragon claws you but does no damage.
The storm dragon closely misses you.
You barely miss the storm dragon. Your headbutt misses the storm dragon.
The storm dragon is moderately wounded.
You slice the storm dragon!! You freeze the storm dragon.
Your headbutt misses the storm dragon.
The storm dragon is heavily wounded.
You block the storm dragon's attack.
The storm dragon claws you but does no damage.
The storm dragon tramples you but does no damage.
You hit the storm dragon. You freeze the storm dragon.
The storm dragon is severely wounded.
The storm dragon bites you.
* * * LOW HITPOINT WARNING * * *
The storm dragon misses you. You block the storm dragon's attack.
You closely miss the storm dragon.
You headbutt the storm dragon, but do no damage.
The storm dragon is severely wounded.
The storm dragon breathes lightning at you.
The bolt of lightning hits you!
* * * LOW HITPOINT WARNING * * *
The bolt of lightning misses you.
The bolt of lightning hits the storm dragon.
The storm dragon completely resists.
You feel much better.
The storm dragon breathes lightning at you.
The bolt of lightning hits you!
* * * LOW HITPOINT WARNING * * *
The bolt of lightning hits you!!
You die...

###### +.@D.# #.####
####+#### ##..°°○°.##
##...°.○.○°## ▓▓+
+......°°○..# +..
##.....°...## #..
≈##..○°○..## #.○
#########≈≈#+++#○''##
#)


You could see a storm dragon (catching breath).

Vanquished Creatures
  2 boulder beetles (D)
  A merfolk siren (D)
  An ice statue (D)
  A yaktaur (D)
  3 polar bears (D)
  A hornet (D)
  4 water moccasins (D)
  4 necrophages (D)
  4 scorpions (D)
21 creatures vanquished.

Vanquished Creatures (others)
  Menkaure (D)
  A water moccasin (D)
  12 tentacles (D)
14 creatures vanquished.

Grand Total: 35 creatures vanquished

Notes
Turn   | Place    | Note
-------+----------+-------------------------------------------
     0 | D        | boopmooplesden the Minotaur Fighter began the quest for the
                  | Orb.
     0 | D        | Reached XP level 1. HP: 19/19 MP: 0/0
     1 | D        | Noticed a scorpion
     1 | D        | Noticed a scorpion
     1 | D        | Noticed a scorpion
     1 | D        | Noticed a scorpion
     5 | D        | Killed a scorpion
     6 | D        | Reached skill level 5 in Fighting
     6 | D        | Reached skill level 4 in Axes
     6 | D        | Reached skill level 5 in Shields
     6 | D        | Reached XP level 2. HP: 14/30 MP: 1/1
     6 | D        | Reached XP level 3. HP: 18/37 MP: 2/2
    10 | D        | Killed a scorpion
    11 | D        | Reached XP level 4. HP: 24/47 MP: 3/3
    13 | D        | Killed a scorpion
    13 | D        | Killed Menkaure
    14 | D        | Reached skill level 5 in Axes
    14 | D        | Reached XP level 5. HP: 19/53 MP: 4/4
    19 | D        | Reached skill level 6 in Axes
    58 | D        | Killed a water moccasin
   209 | D        | Noticed a boulder beetle
   209 | D        | Noticed a boulder beetle
   212 | D        | Noticed a necrophage
   212 | D        | Noticed a necrophage
   212 | D        | Noticed a necrophage
   212 | D        | Noticed a necrophage
   219 | D        | Killed a necrophage
   220 | D        | Reached skill level 7 in Axes
   220 | D        | Reached XP level 6. HP: 63/63 MP: 5/5
   225 | D        | Reached skill level 8 in Axes
   228 | D        | Reached skill level 10 in Fighting
   230 | D        | Reached skill level 9 in Axes
   230 | D        | Reached skill level 1 in Dodging
   230 | D        | Reached XP level 7. HP: 70/72 MP: 6/6
   247 | D        | Noticed a merfolk siren
   255 | D        | Killed a merfolk siren
   256 | D        | Reached skill level 10 in Axes
   256 | D        | Reached skill level 10 in Armour
   256 | D        | Reached skill level 10 in Shields
   274 | D        | Found Fucvitiv's Antique Armour Shop.
   274 | D        | Found Kazesul's Jewellery Shop.
   274 | D        | Found Necwio's Assorted Antiques.
   274 | D        | Found Xepeg's Antique Armour Shop.
   274 | D        | Found Boen's Antique Armour Boutique.
   274 | D        | Found Omeov's Distillery.
   275 | D        | Found Xoqigg's Book Boutique.
   275 | D        | Found Maimyss's Jewellery Shop.
   275 | D        | Found Gumein's Magic Scroll Boutique.
   276 | D        | Found Utith's Antique Weapon Shop.
   276 | D        | Found Cuuss's Jewellery Boutique.
   276 | D        | Noticed a wyvern
   276 | D        | Noticed a wyvern
   283 | D        | Reached skill level 11 in Axes
   283 | D        | Reached XP level 8. HP: 43/82 MP: 7/7
   285 | D        | Found Zixank's Distillery.
   285 | D        | Noticed an oklob plant
   286 | D        | Found Bobrarr's Distillery.
   286 | D        | Found Urhurifuyju's Book Shoppe.
   286 | D        | Found Pixismen's Jewellery Boutique.
   291 | D        | Bought a pair of runed gloves for 172 gold pieces
   291 | D        | Bought a glowing hat for 161 gold pieces
   305 | D        | Bought an encrusted chain mail for 199 gold pieces
   305 | D        | Identified the +11 chain mail of Gozag's Displeasure {rPois
                  | Slay+6} (You bought it in a shop in the Dungeon)
   315 | D        | Bought a cloak for 94 gold pieces
   476 | D        | Noticed an iron elemental
   493 | D        | Noticed an ice statue
   505 | D        | Found a glowing golden altar of the Shining One.
   505 | D        | Found an ornate altar of the Wu Jian Council.
   508 | D        | Found a shimmering altar of Xom.
   508 | D        | Found a sacrificial altar of Ru.
   508 | D        | Found a stormy altar of Qazlal.
   509 | D        | Found a basalt altar of Yredelemnul.
   509 | D        | Found a shimmering blue altar of Sif Muna.
   509 | D        | Found a viscous altar of Jiyva.
   509 | D        | Found a hazy altar of Hepliaklqana.
   510 | D        | Found a glowing silver altar of Zin.
   510 | D        | Found a bloodstained altar of Trog.
   510 | D        | Found an ancient bone altar of Kikubaaqudgha.
   510 | D        | Found a snail-covered altar of Cheibriados.
   511 | D        | Found a hide-covered altar of Uskayaw.
   511 | D        | Found a corrupted altar of Lugonu.
   511 | D        | Found a shadowy altar of Dithmenos.
   512 | D        | Found a radiant altar of Vehumet.
   512 | D        | Found a burning altar of Makhleb.
   512 | D        | Found a white marble altar of Elyvilon.
   513 | D        | Found a sparkling altar of Nemelex Xobeh.
   513 | D        | Found a blossoming altar of Fedhas.
   515 | D        | Found an iron altar of Okawaru.
   515 | D        | Found an opulent altar of Gozag.
   515 | D        | Noticed a hornet
   515 | D        | Noticed a polar bear
   515 | D        | Noticed a polar bear
   516 | D        | Noticed a yaktaur
   516 | D        | Noticed a polar bear
   525 | D        | Became a worshipper of Warmaster Okawaru
   542 | D        | Killed a polar bear
   548 | D        | Killed a hornet
   548 | D        | Reached * piety under Okawaru
   549 | D        | Reached skill level 12 in Axes
   549 | D        | Killed a polar bear
   554 | D        | Killed a polar bear
   555 | D        | Reached skill level 13 in Axes
   559 | D        | Killed a yaktaur
   559 | D        | Reached ** piety under Okawaru
   560 | D        | Reached XP level 9. HP: 79/90 MP: 8/8
   569 | D        | Noticed a kraken
   586 | D        | Found the amulet of Vitality {Regen+ HP+15}
   720 | D        | Reached skill level 14 in Axes
   817 | D        | Killed an ice statue
  1088 | D        | Killed a boulder beetle
  1088 | D        | Reached *** piety under Okawaru
  1089 | D        | Reached skill level 15 in Axes
  1093 | D        | Killed a boulder beetle
  1093 | D        | Reached **** piety under Okawaru
  1094 | D        | Reached skill level 16 in Axes
  1094 | D        | Reached skill level 1 in Invocations
  1094 | D        | Reached XP level 10. HP: 88/101 MP: 7/9
  1214 | D        | Noticed a storm dragon
  1227 | D        | Killed from afar by a storm dragon

Illustrated notes

Levels and vault maps discovered:
D:        the_violet_keep_of_menkaure [sprint2_stairs_cluster_1,
          sprint2_shoproom, sprint2_temple, sprint2_basic_supplies,
          sprint2_obstacle_4, sprint2_obstacle_7, sprint2_obstacle_2,
          sprint2_obstacle_6, sprint2_obstacle_1, sprint2_timed_cluster_1,
          sprint2_smallroom_cluster_1, sprint2_smallroom_final_cluster_1,
          sprint2_transparent_cluster_1, sprint2_second_timed_cluster_1,
          sprint2_sniper_area_1, sprint2_heavy_combat_area_1,
          sprint2_mutation_trap_area_1, sprint2_forest_area_1,
          sprint2_light_combat_area_1, sprint2_behind_water_1,
          sprint2_near_end_vault_1]

Skill      XL: |  1  2  3  4  5  6  7  8  9 |
---------------+----------------------------+-----
Fighting       | 5 7 9 10 11 12 13 | 13.4
Axes           | 4 5 7 9 11 13 16 | 16.0
Armour         | 6 7 9 10 11 12 | 12.7
Shields        | 5 6 7 8 9 10 11 13 | 13.1
Dodging        | 1 3 |  3.4
Invocations    | 1 |  1.0
Stealth        | |  0.5

Action                   |  1- 3 |  4- 6 |  7- 9 | 10-12 || total
-------------------------+-------+-------+-------+-------++-------
Melee: War axe           |     8 |    23 |    68 |    10 ||   109
       Headbutt          |       |     5 |    21 |     1 ||    27
Invok: Heroism           |       |       |     2 |     1 ||     3
  Use: Potion            |     1 |     1 |     3 |     1 ||     6
       Scroll            |       |       |     6 |     1 ||     7
Armor: Scale mail        |     3 |     6 |     1 |       ||    10
       Chain mail        |       |       |    41 |     7 ||    48
Dodge: Dodged            |     3 |     6 |    16 |    11 ||    36
Block: Kite shield       |     5 |     9 |    57 |     6 ||    77
